Map: [ESL] Waterfall

Players

Velego

  • Race: Protoss Protoss
  • League: Diamond
  • Spawn Location: 1:00

Dolan - Winner!

  • Race: Terran Terran
  • League: Diamond
  • Spawn Location: 7:00

Event: DreamHack SC2 Masters 2022 Valencia

VOD

Have the link to the VOD?

Description

Time

  • Played on: July 1, 2022, 5:44 a.m.
  • Length: 10:35

All games in this series

Show
View Real Time Build Order
Export as new Build Order

Velego Protoss 

Build Orders: 1 Gate Expand, Oracle Opening 

Get SALT Encoding   

  12  0:00  Probe  
  13  0:12  Probe  
  14  0:17  Pylon  
  14  0:24  Probe  
  15  0:36  Gateway  
  15  0:38  Probe (Chrono Boost)  
  16  0:46  Probe (Chrono Boost)  
  16  0:47  Assimilator  
  17  0:52  Probe  
  18  1:04  Probe  
  19  1:16  Probe  
  20  1:27  Cybernetics Core  
  20  1:35  Nexus  
  20  1:42  Pylon  
  20  1:50  Probe  
  20  1:53  Assimilator  
  20  2:00  Adept (Chrono Boost)  
  20  2:02  Probe  
  23  2:14  Probe  
  24  2:20  Stargate  
  24  2:26  Adept  
  24  2:27  Probe (Chrono Boost)  
  27  2:36  Warp Gate  
  27  2:41  Probe (Chrono Boost)  
  28  2:46  Probe (Chrono Boost)  
  28  2:49  Probe  
  30  2:56  Probe  
  31  3:01  Probe  
  31  3:03  Oracle (Chrono Boost)  
  34  3:08  Probe  
  34  3:10  Adept  
  38  3:14  Probe  
  39  3:20  Probe  
  39  3:23  Pylon  
  39  3:26  Probe  
  41  3:32  Probe  
  42  3:38  Probe  
  46  3:44  Probe  
  46  3:51  Probe (Chrono Boost)  
  43  3:58  Probe (Chrono Boost)  
  41  4:03  Phoenix  
  41  4:08  Probe x2 (Chrono Boost)  
  44  4:13  Probe (Chrono Boost)  
  44  4:14  Probe (Chrono Boost)  
  44  4:16  Nexus  
  46  4:18  Pylon  
  46  4:24  Probe  
  46  4:26  Probe  
  48  4:33  Phoenix (Chrono Boost)  
  48  4:35  Twilight Council  
  48  4:36  Probe  
  51  4:38  Probe  
  51  4:40  Forge  
  52  4:48  Probe  
  52  4:50  Probe  
  52  4:52  Pylon  
  54  4:53  Adept  
  54  4:54  Phoenix (Chrono Boost)  
  58  5:00  Probe  
  58  5:02  Probe  
  60  5:10  Charge  
  60  5:12  Probe  
  61  5:15  Probe  
  61  5:16  Gateway x2  
  61  5:17  Phoenix, Protoss Ground Armor Level 1 (Chrono Boost)  
  61  5:19  Gateway  
  64  5:24  Probe  
  65  5:29  Probe  
  65  5:30  Pylon  
  65  5:32  Probe  
  65  5:35  Shield Battery  
  67  5:42  Shield Battery  
  67  5:45  Sentry, Shield Battery  
  67  5:46  Pylon  
  67  5:47  Probe x2  
  71  5:53  Probe  
  72  5:59  Probe  
  72  6:01  Gateway x2  
  73  6:08  Phoenix  
  73  6:10  Probe  
  76  6:12  Pylon  
  76  6:14  Zealot  
  76  6:17  Zealot x3  
  84  6:19  Probe  
  85  6:31  Gateway  
  78  6:33  Pylon  
  78  6:36  Zealot  
  78  6:40  Oracle  
  78  6:41  Zealot x3  
  87  6:49  Probe  
  87  6:53  Gateway  
  88  6:55  Gateway  
  86  7:02  Zealot x2  
  86  7:03  Zealot x4  
  84  7:16  Probe x2  
  84  7:17  Probe  
  79  7:23  Phoenix  
  79  7:25  Stalker x2, Zealot x3  
  79  7:28  Probe  
  92  7:30  Assimilator  
  92  7:31  Assimilator  
  92  7:35  Assimilator  
  92  7:40  Protoss Ground Weapons Level 1 (Chrono Boost), Probe x2  
  92  7:41  Probe  
  95  7:46  Pylon  
  95  7:51  Zealot x5  
  102  8:03  Pylon  
  91  8:13  Zealot x2  
  91  8:14  Zealot x5  
  91  8:15  Probe  
  91  8:17  Probe  
  91  8:18  Probe  
  108  8:27  Nexus  
  108  8:28  Pylon  
  108  8:30  Twilight Council  
  108  8:31  Robotics Facility  
  108  8:32  Robotics Facility  
  108  8:38  Stalker x2  
  110  8:52  Zealot x5  
  114  8:59  Photon Cannon  
  114  9:04  Probe  
  98  9:18  Zealot x3  
  98  9:19  Zealot x3  
  98  9:21  Observer (Chrono Boost)  
  105  9:30  Sentry  
  95  9:33  Immortal (Chrono Boost)  
  95  9:37  Probe  
  88  9:39  Photon Cannon  
  88  9:41  Photon Cannon  
  88  9:44  Sentry x2  
  88  9:45  Zealot x2  
  95  9:50  Probe x2  
  95  9:51  Probe  
  95  9:52  Robotics Bay  
  98  9:58  Assimilator  
  97  10:01  Immortal (Chrono Boost)  
  100  10:10  Assimilator  
  100  10:12  Assimilator  
  100  10:13  Zealot x3  
  104  10:26  Zealot x4  
Show
View Real Time Build Order
Export as new Build Order

Dolan Terran - Winner!

Build Orders:  

Get SALT Encoding   

  12  0:00  SCV  
  13  0:12  SCV  
  14  0:16  Supply Depot  
  14  0:24  SCV  
  15  0:38  SCV  
  15  0:39  Barracks  
  16  0:43  Refinery  
  16  0:50  SCV  
  16  0:52  Refinery  
  17  1:02  SCV  
  18  1:05  Supply Depot  
  18  1:14  SCV  
  19  1:25  Marine  
  19  1:30  Orbital Command  
  20  1:45  Factory  
  20  1:54  Barracks Reactor  
  20  1:56  SCV  
  21  2:09  SCV  
  22  2:17  Command Center  
  22  2:21  SCV  
  23  2:27  Supply Depot  
  23  2:42  SCV, Reaper  
  23  2:43  Hellion x2  
  29  2:54  SCV  
  29  2:56  Starport  
  30  3:04  Hellion x2  
  34  3:06  SCV  
  35  3:14  Barracks Tech Lab  
  35  3:18  SCV  
  36  3:29  Orbital Command  
  36  3:30  SCV  
  36  3:32  Starport Tech Lab  
  37  3:37  Cyclone  
  37  3:39  Marine x2  
  42  3:42  SCV  
  43  3:54  SCV  
  38  3:58  Marine x2  
  38  3:59  Viking  
  38  4:00  SCV  
  40  4:05  Barracks  
  40  4:07  SCV  
  41  4:14  Cyclone  
  41  4:16  Marine x2  
  46  4:21  Barracks  
  46  4:34  Marine x2  
  46  4:35  SCV x2  
  46  4:36  Engineering Bay  
  46  4:37  Supply Depot  
  50  4:47  SCV x2  
  52  4:53  Engineering Bay  
  52  4:55  Refinery  
  52  5:00  Supply Depot  
  52  5:01  SCV x2  
  52  5:02  Terran Infantry Weapons Level 1  
  52  5:04  Marine x3  
  52  5:05  Stimpack  
  52  5:06  Factory Reactor, Starport Reactor  
  57  5:13  SCV x2  
  59  5:23  Supply Depot, Marine x4  
  59  5:24  Combat Shield  
  59  5:26  SCV x2  
  65  5:34  Missile Turret, Supply Depot  
  65  5:39  SCV x2  
  65  5:42  Refinery, Supply Depot  
  67  5:46  Marine x4  
  71  5:51  SCV x2  
  71  5:54  Widow Mine x2  
  77  5:59  Medivac x2  
  81  6:05  Missile Turret  
  81  6:10  Missile Turret  
  81  6:13  SCV  
  81  6:17  Marine x2, Supply Depot, Marauder x2  
  92  6:25  Widow Mine x2  
  92  6:35  Medivac  
  92  6:38  Medivac  
  92  6:39  Supply Depot  
  96  6:41  Supply Depot  
  100  6:47  Widow Mine x2  
  100  6:51  Marauder  
  102  6:58  Terran Infantry Armor Level 1  
  102  7:00  Marine x2  
  106  7:01  Marauder  
  101  7:12  Marauder  
  93  7:18  Marine x2  
  86  7:22  Marauder  
  86  7:29  Command Center  
  83  7:34  Marauder  
  83  7:36  Marine x2  
  87  7:37  Medivac  
  87  7:38  Widow Mine x2  
  87  7:39  Medivac  
  97  7:44  Marauder  
  97  7:46  Supply Depot  
  97  7:55  Barracks  
  97  7:57  Barracks  
  97  8:01  Widow Mine x2  
  98  8:12  Concussive Shells  
  89  8:13  Marine x2, Marauder x2  
  89  8:15  Medivac x2  
  99  8:21  SCV  
  99  8:22  SCV, Ghost Academy  
  99  8:23  Widow Mine x2  
  105  8:31  Marine x2  
  105  8:34  SCV x2  
  109  8:35  Marauder  
  113  8:44  Barracks Tech Lab, Barracks Reactor  
  113  8:45  Orbital Command  
  113  8:46  SCV x2  
  114  8:49  Marine x2  
  114  8:53  Enhanced Shockwaves  
  112  8:56  Marauder  
  112  8:58  SCV x2  
  112  9:00  Supply Depot x2  
  112  9:01  Medivac  
  118  9:03  Ghost x2  
  118  9:06  Marine x2  
  118  9:07  Widow Mine  
  124  9:16  Ghost  
  120  9:27  Marine x4  
  120  9:28  Medivac  
  120  9:29  Widow Mine x2  
  120  9:30  SCV x3  
  124  9:32  Marauder  
  124  9:33  Marauder  
  124  9:46  Marauder  
  124  9:47  SCV x3, Medivac  
  124  9:50  Widow Mine x2  
  124  9:52  Refinery  
  135  9:56  Refinery  
  135  9:58  Medivac  
  135  9:59  SCV x2  
  140  10:00  SCV  
  139  10:09  Marine x4  
  139  10:10  Marauder x2  
  139  10:11  SCV, Widow Mine x2  
  139  10:12  SCV x2  
  139  10:13  Marauder  

Tags
 
Add a new tag
Caveats
  • Supply blocks, unpowered buildings, or Contaminate may cause inaccurate times.
  • Supply counts are checked every 10 seconds.